 Dungeon Crawl Stone Soup version 0.17-a0-1110-g19bd574 (console) character file.

416 Monkaria the Slasher (level 6, -4/48 HPs)
             Began as a Demonspawn Chaos Knight on May 22, 2015.
             Slain by a wyvern skeleton (14 damage)
             ... on level 3 of the Dungeon.
             The game lasted 00:05:09 (2566 turns).

Monkaria the Slasher (Demonspawn Chaos Knight)      Turns: 2566, Time: 00:05:09

Health: -4/48      AC:  5    Str: 15    XL:     6   Next: 60%
Magic:  6/6        EV: 11    Int: 13    God:    Xom [.*....]
Gold:   182        SH:  0    Dex: 12    Spells: 0 memorised, 5 levels left

rFire  . . .     SeeInvis .     a - +0 falchion (chaos)
rCold  + . .     Clarity  .     b - +2 leather armour
rNeg   . . .     SustAt   .     (no shield)
rPois  .         Gourm    .     (helmet restricted)
rElec  .         Spirit   .     (no cloak)
rCorr  .         Warding  .     (no gloves)
rMut   .         Stasis   .     (no boots)
MR     .....                    (no amulet)
Stlth  +.........               (no ring)
                                o - ring of protection from cold

@: not resistant to hostile enchantments, very unstealthy
A: antennae 1, powered by death 1
a: Renounce Religion


You were on level 3 of the Dungeon.
You worshipped Xom.
You were a plaything of Xom.
You were hungry.

You visited 1 branch of the dungeon, and saw 3 of its levels.

You collected 182 gold pieces.

Inventory:

Hand weapons
 a - a +0 falchion of chaos (weapon)
 i - a +0 dagger of flaming
Missiles
 k - 22 poisoned needles
 r - 5 javelins of returning (quivered)
Armour
 b - a +2 leather armour (worn)
 m - a +2 helmet
Jewellery
 o - a ring of protection from cold (left hand)
Magical devices
 l - a wand of polymorph (16)
Scrolls
 d - a scroll of remove curse {unknown}
 g - a scroll of magic mapping {unknown}
 j - 3 scrolls of identify {unknown}
 p - a scroll of blinking {unknown}
 s - a scroll of teleportation {unknown}
 t - a scroll of enchant armour {unknown}
Potions
 e - 2 potions of ambrosia {unknown}
 f - 2 potions of might {unknown}
 h - a potion of brilliance {unknown}
 n - a potion of beneficial mutation {unknown}
Comestibles
 c - 2 bread rations


   Skills:
 - Level 4.2 Fighting
 + Level 6.2 Long Blades
 - Level 1.7 Armour
 - Level 0.8 Dodging


You had 5 spell levels left.
You didn't know any spells.

Dungeon Overview and Level Annotations

Branches:
Dungeon (3/15)

Altars:
Xom


Innate Abilities, Weirdness & Mutations

You have a pair of small antennae on your head.
You can steal the life force of nearby defeated enemies.


Message History

Failed to move towards target.
Failed to move towards target.
Failed to move towards target.
Failed to move towards target.
Failed to move towards target.
Failed to move towards target.
Failed to move towards target.
Failed to move towards target.
Failed to move towards target.
The wyvern skeleton bites you!
You hit the wyvern skeleton. The wyvern skeleton closely misses you.
You hit the wyvern skeleton. You burn the wyvern skeleton.
The wyvern skeleton bites you!
You hit the wyvern skeleton but do no damage.
The wyvern skeleton barely misses you.
You slash the wyvern skeleton! You burn the wyvern skeleton.
The wyvern skeleton bites you!
* * * LOW HITPOINT WARNING * * *
The wyvern skeleton bites you!
You die...

***#######'##).)...##****,**,***
***#####...........##..,,,**,,,**
***#####...........##.#*******,*,
***#####......##......# *,*,
***##......)..##'####### *,*,
***##.........#........# *,,,
***##.........#........# ****
,,,...........#.Z......# *,,,
,,,........####.@......# *,**
,,,........#####.#########****,**
,,,..#####.#####.........#,<,),,,
,,,..#####.#############.#,,,,,,,
***#######.########### #.#,,,,,,,
***#######.########### #.#,,,<,,,
***#######.########### #.#*******
#.# #.# #.#############.# ####


You could see a wyvern skeleton.

Vanquished Creatures
  Sigmund (D:3)
  A scorpion (D:3)
  Ijyb (D:3)
  An orc wizard (D:3)
  Robin (D:2)
  4 adders
  2 oozes
  2 worms
  3 orcs
  A ball python (D:1)
  8 bats
  4 giant cockroaches
  5 hobgoblins
  2 giant geckos
  5 giant newts
  16 goblins
  3 rats
60 creatures vanquished.

Vanquished Creatures (collateral kills)
  An ogre (D:3)
  A goblin (D:3)
  2 hobgoblins (D:3)
  A kobold (D:3)
5 creatures vanquished.

Grand Total: 65 creatures vanquished

Notes
Turn   | Place    | Note
--------------------------------------------------------------
     0 | D:1      | Monkaria the Demonspawn Chaos Knight began the quest for the Orb.
     0 | D:1      | Reached XP level 1. HP: 18/18 MP: 1/1
   271 | D:1      | XOM: harmless Necr miscast
   425 | D:1      | Found a shimmering altar of Xom.
   441 | D:1      | Gained mutation: You can steal the life force of nearby defeated enemies. [demonic ancestry]
   441 | D:1      | Reached XP level 2. HP: 24/24 MP: 2/2
   519 | D:1      | XOM: harmless Tloc miscast
   577 | D:2      | Reached skill level 4 in Fighting
   742 | D:2      | Reached XP level 3. HP: 28/30 MP: 3/3
   813 | D:2      | XOM: god gift: longbow {god gift}
   915 | D:2      | Noticed Robin
   920 | D:2      | XOM: smoke on damage
   956 | D:2      | Killed Robin
  1301 | D:2      | Gained mutation: You have a pair of small antennae on your head. [demonic ancestry]
  1301 | D:2      | Reached XP level 4. HP: 33/37 MP: 4/4
  1578 | D:3      | XOM: divination: detect items
  1579 | D:3      | Noticed an ogre
  1587 | D:3      | Killed an ogre
  1590 | D:3      | Reached XP level 5. HP: 28/42 MP: 5/5
  1656 | D:3      | XOM: 1-stop teleportation journey
  1859 | D:3      | Noticed Ijyb
  1877 | D:3      | Killed Ijyb
  1879 | D:3      | XOM: smoke on damage
  2019 | D:3      | Noticed Sigmund
  2025 | D:3      | XOM: harmless Hex miscast
  2035 | D:3      | Killed Sigmund
  2035 | D:3      | Reached skill level 5 in Long Blades
  2035 | D:3      | Reached XP level 6. HP: 25/48 MP: 6/6
  2076 | D:3      | XOM: god gift: 50 gold pieces
  2126 | D:3      | XOM: god gift: 5 javelins of returning
  2160 | D:3      | XOM: vitrification
  2200 | D:3      | Noticed Natasha
  2210 | D:3      | Noticed Natasha
  2210 | D:3      | Natasha changed into Natasha the scorpion
  2211 | D:3      | Killed Natasha the scorpion
  2211 | D:3      | Reached skill level 6 in Long Blades
  2566 | D:3      | Slain by a wyvern skeleton

Vault maps used:
D:1:      dpeg_arrival_rhombi, interstate_on_off, roderic_roman_lattice,
          xom_teletrap_fun
D:2:      uniq_robin
D:3:      uniq_sigmund, uniq_natasha, uniq_iyjb

Action                   |  1- 3 |  4- 6 || total
-------------------------+-------+-------++-------
Melee: Falchion          |   139 |   132 ||   271
 Stab: Paralysed         |     1 |     1 ||     2
  Eat: Chunk             |     1 |     4 ||     5
